 Dungeon Crawl Stone Soup version 0.19.3-1-g3169bf9 (webtiles) character file.

105 ponk the Sneak (level 4, 0/29 HPs)
             Began as an Octopode Assassin on Jan 24, 2017.
             Slain by an adder (4 damage)
             ... on level 3 of the Dungeon.
             The game lasted 00:06:50 (2629 turns).

ponk the Sneak (Octopode Assassin)                  Turns: 2629, Time: 00:06:50

Health: 0/29       AC:  1    Str: 10    XL:     4   Next: 83%
Magic:  4/4        EV: 13    Int: 13    God:
Gold:   145        SH:  6    Dex: 14    Spells: 0 memorised, 3 levels left

rFire  . . .     SeeInvis .     r - +2 short sword (flame)
rCold  . . .     Gourm    .     (no shield)
rNeg   . . .     Faith    .     (helmet restricted)
rPois  .         Spirit   .     j - +6 amulet of reflection
rElec  .         Reflect  +     (no ring)
rCorr  .         Harm     .     (no ring)
MR     .....                    (no ring)
Stlth  ++++......               (no ring)
                                (no ring)
                                (no ring)
                                (no ring)
                                (no ring)

@: no status effects
A: almost no armour, stealthy swim, amphibious, 8 rings, constrict 8, camouflage
1, gelatinous body 1
a: no special abilities


You were on level 3 of the Dungeon.
You were not hungry.

You visited 1 branch of the dungeon, and saw 3 of its levels.

You collected 145 gold pieces.

Inventory:

Hand Weapons
 a - a +2 dagger
 b - a +0 blowgun
 r - a +2 short sword of flaming (weapon)
Missiles
 c - 8 poisoned needles
 d - 2 curare-tipped needles
Jewellery
 j - a +6 amulet of reflection (around mantle)
Scrolls
 f - a scroll of amnesia {unknown}
 n - a scroll of recharging {unknown}
 s - a scroll of enchant armour {unknown}
Potions
 e - a potion of haste
 l - a potion of curing
 q - a potion of cancellation {unknown}
 t - 2 potions of heal wounds {unknown}
Comestibles
 i - a beef jerky


   Skills:
 - Level 2.0 Fighting
 * Level 4.1 Short Blades
 - Level 2.0 Throwing
 - Level 1.0 Dodging
 + Level 6.4 Stealth


You had 3 spell levels left.
You didn't know any spells.

Dungeon Overview and Level Annotations

Branches:
Dungeon (3/15)

Altars:
Hepliaklqana


Innate Abilities, Weirdness & Mutations

You cannot wear most types of armour.
You are very stealthy in the water. (Stealth+)
You are amphibious.
You can wear up to eight rings at the same time.
You can use your tentacles to constrict eight enemies at once.
Your skin changes colour to match your surroundings (Stealth+).
Your rubbery body absorbs attacks. (AC +1, EV +1)


Message History

The adder bites you.
You barely miss the orc.
The orc is almost dead.
You constrict the orc.
You kill the orc!
You block the adder's attack.
You see here a mace.
You closely miss the adder. Your grab misses the adder.
The adder closely misses you.
You miss the adder.
The orc priest shouts!
Your grab misses the adder. The adder bites you.
The orc priest mumbles some strange prayers to Beogh against you.
Beogh smites you!
* * * LOW HITPOINT WARNING * * *
You closely miss the adder. You grab the adder.
You squeeze the adder, but do no damage.
You constrict the adder. The adder bites you but does no damage.
The adder bites you.
You die...

###..........#
########............#
#...................#
#........####...#####
#.....)..# #...##
######...#..###.#.#
....(....#..oo....#########
......#.#....###..^.......#
.....##.†....# #@)........#
.... #..#....# #S........[#
... #..#.o.o###o.........#
.[ #.?#....#.......<....# .
#.K#......#..........#
...##...###.#....#####
..o..........#.#.##
.s.o......##...#.#
#..#o...(#.##..#..#


You could see an orc priest and an adder.

Vanquished Creatures
  3 gnolls (D:2)
  3 adders (D:2)
  An ooze (D:2)
  A worm (D:2)
  A leopard gecko (D:2)
  3 orcs (D:3)
  2 giant cockroaches
  4 goblins
  4 hobgoblins
  3 quokkas (D:2)
  A ball python (D:1)
  2 bats
  6 kobolds
  6 rats
40 creatures vanquished.

Notes
Turn   | Place    | Note
-------+----------+-------------------------------------------
     0 | D:1      | ponk the Octopode Assassin began the quest for the Orb.
     0 | D:1      | Reached XP level 1. HP: 14/14 MP: 1/1
   240 | D:1      | Reached XP level 2. HP: 19/19 MP: 2/2
   835 | D:2      | Found a faded altar of an unknown god.
  1104 | D:2      | Reached XP level 3. HP: 24/24 MP: 3/3
  1235 | D:2      | Reached skill level 6 in Stealth
  1577 | D:2      | Reached XP level 4. HP: 29/29 MP: 4/4
  1660 | D:2      | Found a hazy altar of Hepliaklqana.
  2629 | D:3      | Slain by an adder

Skill      XL: |  1  2  3  4 |
---------------+-------------+-----
Short Blades   | 3 4 |  4.1
Stealth        | 6 |  6.4
Fighting       | |  2.0
Throwing       | |  2.0
Dodging        | |  1.0

Action                   |  1- 3 |  4- 6 || total
-------------------------+-------+-------++-------
Melee: Dagger            |    19 |       ||    19
       Constrict         |    10 |     8 ||    18
       Short sword       |    26 |    34 ||    60
       Tentacles         |     4 |     8 ||    12
  Use: Scroll            |       |     5 ||     5
 Stab: Sleeping          |     8 |     2 ||    10
  Eat: Chunk             |     2 |     1 ||     3
       Bread ration      |       |     1 ||     1
Armor: Skin              |     2 |     3 ||     5
Dodge: Dodged            |    22 |    15 ||    37
Block: Other             |       |     3 ||     3
